Remparts vs Diables

Created - 17 janvier 2017 at 19:44

Goals
1 2 3 OT1 SO T
Remparts 2 1 1 0 0 4
Diables 1 1 2 0 1 5
Shots
1 2 3 OT1 SO T
Remparts 10 14 15 0 3 39
Diables 9 11 7 0 2 27

1st period

1. Diables , Alexandre Burrows 12 (Dustin Kohn) at 8:11
2. Remparts , Daniel Paille 32 (Ivan Vishnevski, Jonathan Matsumoto) at 16:14
3. Remparts , Guillaume Desbiens 16 (Pasi Salonen, Cédric Lalonde-McNicoll) at 16:41

Penalties :
Brandon Prust (Alm) for Hooking (Minor) at 0:44, Brian Dumoulin (Alm) for Goalie Interference (Minor) at 4:56

2nd period

4. Diables , Kyle Chipchura 2 (Lukas Krajicek, Ben Hanowski) at 2:18
5. Remparts , Pasi Salonen 13 (Guillaume Desbiens) at 14:57

Penalties :
Lukas Krajicek (Alm) for Holding (Minor) at 5:45, Craig Smith (Alm) for Interference (Minor) at 19:57

3rd period

6. Remparts , Jonathan Matsumoto 30 (Daniel Paille, Nate Guenin) at 4:43 (SH)
7. Diables , Alexandre Burrows 13 (Steve Quailer, Tyler Bozak) at 7:03 (PP)
8. Diables , Riley Sheahan 6 (Brandon Prust) at 15:09

Penalties :
Pasi Salonen (Que) for Hooking (Minor) at 3:08, Dale Weise (Que) for Hooking (Minor) at 6:52, Josh Manson (Alm) for Fighting (Major) at 11:20, William Colbert (Que) for Fighting (Major) at 11:20

Overtime #1

No Goal

Penalties :
No Penalty

Shootout

Penalty Shot by Pasi Salonen for Remparts - Shot Misses the Net
Penalty Shot by Tyler Bozak for Diables - Stopped by Petr Mrazek
Penalty Shot by Daniel Paille for Remparts - Stopped by Eddie Lack
Penalty Shot by Alexandre Burrows for Diables - Goal!
Penalty Shot by Jonathan Matsumoto for Remparts - Stopped by Eddie Lack

Penalties :
No Penalty

Goalie Stats

Petr Mrazek (Que), 23 saves from 27 shots - (0,852), OTL, 10-5-1, 65:00 minutes
Eddie Lack (Alm), 35 saves from 39 shots - (0,897), W, 7-8-4, 65:00 minutes

Players Stats for Remparts

Player Name              G  A  P  +/- PIM S  H  SB GA TA FO     MP     PP MP  PK MP  
------------------------------------------------------------------------------------
Brandon Gormley          0  0  0   0  0   3  2  1  0  0  0/0    30:11   4:53   0:37 
Cédric Lalonde-McNicoll  0  1  1   0  0   2  1  0  1  0  7/13   19:56   3:31   1:26 
Chris Mueller            0  0  0   0  0   0  1  0  0  0  3/7     8:56   0:00   0:00 
Dale Weise               0  0  0   0  2   0  2  0  0  1  0/0     8:55   0:00   0:00 
Daniel Paille            1  1  2   1  0   4  0  0  0  1  2/3    22:41   4:07   0:31 
Erik Gustafsson          0  0  0  -1  0   3  1  2  0  0  0/0    12:08   0:00   0:00 
Geordie Wudrick          0  0  0   0  0   0  0  0  0  0  0/0     0:00   0:00   0:00 
Guillaume Desbiens       1  1  2   0  0   5  3  1  0  1  1/2    17:01   3:31   0:00 
Ivan Vishnevski          0  1  1  -1  0   1  0  0  0  0  0/0    12:16   0:05   0:00 
Jarod Palmer             0  0  0   0  0   2  0  0  0  0  3/6    12:55   0:21   0:13 
Johannes Salmonsson      0  0  0   0  0   4  1  2  0  0  0/0    14:31   0:18   1:26 
Jonathan Cheechoo        0  0  0   0  0   4  2  0  0  0  0/1    11:09   0:09   0:33 
Jonathan Matsumoto       1  1  2   1  0   4  4  1  1  0  17/33  22:21   4:07   0:11 
Luca Caputi              0  0  0   0  0   0  0  0  0  0  0/0     8:56   0:00   0:00 
Nate Guenin              0  1  1   2  0   1  4  0  0  1  0/0    24:29   2:58   1:33 
Pasi Salonen             1  1  2   0  2   4  4  2  0  0  0/0    18:40   3:31   0:00 
Petr Straka              0  0  0   0  0   0  1  0  0  0  0/1    21:47   4:13   0:00 
Ty Wishart               0  0  0   0  0   1  1  2  1  1  0/0    28:37   4:54   0:37 
William Colbert          0  0  0   2  5   1  2  0  2  1  0/0    22:18   3:02   1:33 

Players Stats for Diables

Player Name              G  A  P  +/- PIM S  H  SB GA TA FO     MP     PP MP  PK MP  
------------------------------------------------------------------------------------
Alexandre Burrows        2  0  2   0  0   5  0  2  0  0  3/4    20:59   1:18   4:16 
Ben Hanowski             0  1  1   0  0   3  1  0  1  0  0/1    12:11   0:00   1:50 
Benn Ferriero            0  0  0   1  0   0  0  0  0  0  0/0    14:23   0:52   0:00 
Brandon Prust            0  1  1   1  2   1  0  1  0  0  0/0    15:08   0:00   2:06 
Brian Dumoulin           0  0  0   0  2   0  0  1  0  0  0/0    10:46   0:00   2:17 
Craig Smith              0  0  0   1  2   4  2  1  1  0  6/12   15:50   0:52   0:02 
Dustin Kohn              0  1  1   0  0   3  3  0  2  0  0/0    27:11   0:43   4:21 
J.T. Brown               0  0  0   0  0   0  0  0  0  0  0/0     1:41   0:00   0:00 
Jamie Oleksiak           0  0  0   0  0   0  0  1  0  1  0/0    11:26   0:00   0:28 
Josh Manson              0  0  0  -1  5   0  0  0  0  0  0/0    10:46   0:00   0:45 
Keith Seabrook           0  0  0   1  0   0  0  0  0  0  0/0     8:19   0:00   1:25 
Kellan Lain              0  0  0  -2  0   0  2  1  0  0  2/2    22:00   0:52   3:06 
Kyle Chipchura           1  0  1   0  0   2  0  0  0  0  1/4     7:36   0:00   0:00 
Kyle Cumiskey            0  0  0  -2  0   1  1  0  1  0  0/0    20:21   0:43   3:15 
Lukas Krajicek           0  1  1  -1  2   0  2  2  0  1  0/0    20:33   1:27   3:21 
Riley Sheahan            1  0  1   1  0   2  0  0  0  1  5/7    10:46   0:00   0:00 
Steve Quailer            0  1  1  -3  0   0  2  3  1  0  1/2    16:57   1:18   0:00 
Taylor Beck              0  0  0   0  0   2  0  0  0  0  0/0     7:56   0:00   0:15 
Tomas Kubalik            0  0  0   1  0   1  1  0  0  0  0/0    12:21   0:00   0:00 
Tyler Bozak              0  1  1  -3  0   3  3  0  0  2  15/34  23:06   1:18   4:17 
Tyler Cuma               0  0  0   1  0   0  0  1  0  0  0/0    21:43   1:27   0:00 

3 Stars

1 - Jonathan Matsumoto (Que)
2 - Alexandre Burrows (Alm)
3 - Guillaume Desbiens (Que)

Power Play

Remparts - 0 on 4 Attempt(s) - 0,00%
Diables - 1 on 2 Attempt(s) - 50,00%

Penalty Kill

Remparts - 1 on 2 Attempt(s) - 50,00% - Score 1 goal in Penalty Kill
Diables - 4 on 4 Attempt(s) - 100,00% - Score 0 goal in Penalty Kill

Team Stat

Remparts - Hits : 29 - Faceoff Wins : 33 - Blocked Shots : 11 - Penalty Minutes : 9
Diables - Hits : 17 - Faceoff Wins : 33 - Blocked Shots : 13 - Penalty Minutes : 13

Official

Referees : Dwyer Gord and Meier Brad
Linesman : Brad Kovachik and Tony Sericolo

Game Notes

Josh Manson and William Colbert fight to a draw at 11:20 of 3rd period

Finance

Level 1 -- Attendance: 1494 (74,70%) -- Ticket Income 52 290 $
Level 2 -- Attendance: 716 (71,60%) -- Ticket Income 10 740 $
Total Attendance: 2210 (73,67%)
Total Ticket Income: 63 030 $
Other Income: 3 152 $
Total Income: 66 182 $

Remparts

5 vs 5 Forward 
   Center                   Left Wing                Right Wing               Time % Phy DF OF 
 1 Jonathan Matsumoto       Daniel Paille            Petr Straka              40     0   2  3  
 2 Cédric Lalonde-McNicoll  Pasi Salonen             Guillaume Desbiens       30     0   2  3  
 3 Jarod Palmer             Johannes Salmonsson      Jonathan Cheechoo        20     0   3  2  
 4 Chris Mueller            Luca Caputi              Dale Weise               10     1   2  2  

5 vs 5 Defense 
   Defense                  Defense                                           Time % Phy DF OF 
 1 Brandon Gormley          Ty Wishart                                        40     0   2  3  
 2 William Colbert          Nate Guenin                                       30     0   2  3  
 3 Ivan Vishnevski          Erik Gustafsson                                   20     1   2  2  
 4 Brandon Gormley          Ty Wishart                                        10     0   2  3  

PowerPlay Forward 
   Center                   Left Wing                Right Wing               Time % Phy DF OF 
 1 Jonathan Matsumoto       Daniel Paille            Petr Straka              60     0   1  4  
 2 Cédric Lalonde-McNicoll  Pasi Salonen             Guillaume Desbiens       40     0   1  4  

PowerPlay Defense
   Defense                  Defense                                           Time % Phy DF OF 
 1 Ty Wishart               Brandon Gormley                                   60     0   2  3  
 2 William Colbert          Nate Guenin                                       40     0   2  3  

Penalty Kill 4 Players Forward 
   Center                   Wing                     Time % Phy DF OF 
 1 Cédric Lalonde-McNicoll  Johannes Salmonsson      60     1   4  0  
 2 Jarod Palmer             Pasi Salonen             40     1   4  0  

Penalty Kill 4 Players Defense
   Defense                  Defense                  Time % Phy DF OF 
 1 Nate Guenin              William Colbert          60     1   4  0  
 2 Brandon Gormley          Ty Wishart               40     1   4  0  

Penalty Kill - 3 Players Forward 
   Forward                                           Time % Phy DF OF 
 1 Cédric Lalonde-McNicoll                           60     1   4  0  
 2 Jarod Palmer                                      40     1   4  0  

Penalty Kill - 3 Players Defense
   Defense                  Defense                  Time % Phy DF OF 
 1 Nate Guenin              William Colbert          60     1   4  0  
 2 Brandon Gormley          Ty Wishart               40     1   4  0  

4 vs 4 Forward 
   Center                   Wing                     Time % Phy DF OF 
 1 Jonathan Matsumoto       Daniel Paille            60     0   2  3  
 2 Cédric Lalonde-McNicoll  Pasi Salonen             40     0   2  3  

4 vs 4 Defense
   Defense                  Defense                  Time % Phy DF OF 
 1 Brandon Gormley          Ty Wishart               60     0   2  3  
 2 William Colbert          Nate Guenin              40     0   2  3  

Last Minutes Offensive
   Center                   Left Wing                Right Wing               Defense                  Defense                  
   Jonathan Matsumoto       Daniel Paille            Petr Straka              Brandon Gormley          Ty Wishart               

Last Minutes Defensive
   Center                   Left Wing                Right Wing               Defense                  Defense                  
   Cédric Lalonde-McNicoll  Daniel Paille            Guillaume Desbiens       William Colbert          Nate Guenin              

Goaltenders
Starting : Petr Mrazek              
Backup : Tyler Plante             

Extra Forwards
Normal : Pasi Salonen, Jarod Palmer, Petr Straka - PP : Petr Straka, Jarod Palmer - PK : Jonathan Cheechoo
Extra Defensemen
Normal : William Colbert, Brandon Gormley, Ty Wishart - PP : Brandon Gormley - PK : Ty Wishart, Erik Gustafsson
Penalty Shots
Pasi Salonen, Daniel Paille, Jonathan Matsumoto, Jonathan Cheechoo, Jarod Palmer

Diables

5 vs 5 Forward 
   Center                   Left Wing                Right Wing               Time % Phy DF OF 
 1 Tyler Bozak              Kellan Lain              Steve Quailer            40     1   2  2  
 2 Craig Smith              Alexandre Burrows        Benn Ferriero            30     1   2  2  
 3 Riley Sheahan            Brandon Prust            Tomas Kubalik            20     1   2  2  
 4 Kyle Chipchura           Taylor Beck              Ben Hanowski             10     1   2  2  

5 vs 5 Defense 
   Defense                  Defense                                           Time % Phy DF OF 
 1 Dustin Kohn              Tyler Cuma                                        40     1   2  2  
 2 Kyle Cumiskey            Lukas Krajicek                                    30     1   2  2  
 3 Josh Manson              Jamie Oleksiak                                    20     1   2  2  
 4 Keith Seabrook           Brian Dumoulin                                    10     1   2  2  

PowerPlay Forward 
   Center                   Left Wing                Right Wing               Time % Phy DF OF 
 1 Tyler Bozak              Alexandre Burrows        Steve Quailer            60     1   2  2  
 2 Craig Smith              Kellan Lain              Benn Ferriero            40     1   2  2  

PowerPlay Defense
   Defense                  Defense                                           Time % Phy DF OF 
 1 Tyler Cuma               Lukas Krajicek                                    60     1   2  2  
 2 Kyle Cumiskey            Dustin Kohn                                       40     1   2  2  

Penalty Kill 4 Players Forward 
   Center                   Wing                     Time % Phy DF OF 
 1 Tyler Bozak              Alexandre Burrows        60     1   2  2  
 2 Kellan Lain              Brandon Prust            40     1   2  2  

Penalty Kill 4 Players Defense
   Defense                  Defense                  Time % Phy DF OF 
 1 Dustin Kohn              Lukas Krajicek           60     1   2  2  
 2 Kyle Cumiskey            Brian Dumoulin           40     1   2  2  

Penalty Kill - 3 Players Forward 
   Forward                                           Time % Phy DF OF 
 1 Tyler Bozak                                       60     1   2  2  
 2 Alexandre Burrows                                 40     1   2  2  

Penalty Kill - 3 Players Defense
   Defense                  Defense                  Time % Phy DF OF 
 1 Dustin Kohn              Lukas Krajicek           60     1   2  2  
 2 Kyle Cumiskey            Brian Dumoulin           40     1   2  2  

4 vs 4 Forward 
   Center                   Wing                     Time % Phy DF OF 
 1 Tyler Bozak              Alexandre Burrows        60     1   2  2  
 2 Kellan Lain              Brandon Prust            40     1   2  2  

4 vs 4 Defense
   Defense                  Defense                  Time % Phy DF OF 
 1 Dustin Kohn              Lukas Krajicek           60     1   2  2  
 2 Kyle Cumiskey            Brian Dumoulin           40     1   2  2  

Last Minutes Offensive
   Center                   Left Wing                Right Wing               Defense                  Defense                  
   Tyler Bozak              Alexandre Burrows        Steve Quailer            Tyler Cuma               Lukas Krajicek           

Last Minutes Defensive
   Center                   Left Wing                Right Wing               Defense                  Defense                  
   Tyler Bozak              Alexandre Burrows        Steve Quailer            Tyler Cuma               Lukas Krajicek           

Goaltenders
Starting : Eddie Lack               
Backup : Jean-Francois Berube     

Extra Forwards
Normal : J.T. Brown, Tomas Kubalik, Ben Hanowski - PP : J.T. Brown, Tomas Kubalik - PK : Ben Hanowski
Extra Defensemen
Normal : Keith Seabrook, Jamie Oleksiak, Kyle Cumiskey - PP : Josh Manson - PK : Keith Seabrook, Kyle Cumiskey
Penalty Shots
Tyler Bozak, Alexandre Burrows, Kellan Lain, Brandon Prust, Steve Quailer

% Time on Ice - Remparts

Lines # - Real PCT - Wanted PCT - Time Play
Normal Forward
1 - 36% - 40% - 18:00
2 - 26% - 30% - 12:58
3 - 20% - 20% - 10:00
4 - 18% - 10% - 8:56
Normal Defense
1 - 39% - 40% - 19:13
2 - 35% - 30% - 17:26
3 - 23% - 20% - 11:25
4 - 4% - 10% - 1:50
PP Forward
1 - 56% - 60% - 4:25
2 - 44% - 40% - 3:31
PP Defense
1 - 62% - 60% - 4:54
2 - 38% - 40% - 3:02
PK Forward
1 - 90% - 60% - 1:57
2 - 10% - 40% - 0:13
PK Defense
1 - 72% - 60% - 1:33
2 - 28% - 40% - 0:37
PK3 Forward
1 - 0% - 60%
2 - 0% - 40%
PK3 Defense
1 - 0% - 60%
2 - 0% - 40%
44 Forward
1 - 87% - 60% - 4:22
2 - 13% - 40% - 0:38
44 Defense
1 - 59% - 60% - 2:56
2 - 41% - 40% - 2:04
Last Minute Offensive  - 0:00
Last Minute Defensive  - 0:00
Total
Forward - 65:00
Defense - 65:00

% Time on Ice - Diables

Lines # - Real PCT - Wanted PCT - Time Play
Normal Forward
1 - 35% - 40% - 17:20
2 - 28% - 30% - 14:12
3 - 22% - 20% - 10:46
4 - 15% - 10% - 7:36
Normal Defense
1 - 41% - 40% - 20:31
2 - 30% - 30% - 14:48
3 - 19% - 20% - 9:43
4 - 10% - 10% - 4:52
PP Forward
1 - 60% - 60% - 1:18
2 - 40% - 40% - 0:52
PP Defense
1 - 67% - 60% - 1:27
2 - 33% - 40% - 0:43
PK Forward
1 - 69% - 60% - 5:29
2 - 31% - 40% - 2:27
PK Defense
1 - 61% - 60% - 4:49
2 - 39% - 40% - 3:07
PK3 Forward
1 - 0% - 60%
2 - 0% - 40%
PK3 Defense
1 - 0% - 60%
2 - 0% - 40%
44 Forward
1 - 94% - 60% - 4:41
2 - 6% - 40% - 0:19
44 Defense
1 - 68% - 60% - 3:25
2 - 32% - 40% - 1:35
Last Minute Offensive  - 0:00
Last Minute Defensive  - 0:00
Total
Forward - 65:00
Defense - 65:00

Play by Play

1st period


0:01 of 1st period - Tyler Bozak wins face-off versus Jonathan Matsumoto in neutral zone.
0:44 of 1st period - Minor Penalty to Brandon Prust for Hooking.
0:45 of 1st period - Tyler Bozak wins face-off versus Jonathan Matsumoto in Diables zone.
2:44 of 1st period - Penalty to Brandon Prust is over, Brandon Prust is back on ice.
2:58 of 1st period - Tomas Kubalik is hit by Johannes Salmonsson and loses puck.
3:04 of 1st period - Off-side.
3:05 of 1st period - Chris Mueller wins face-off versus Kyle Chipchura in neutral zone.
3:14 of 1st period - Backhand shot by Ivan Vishnevski.
3:14 of 1st period - Shot Misses the Net.
4:08 of 1st period - Nate Guenin is hit by Dustin Kohn.
4:26 of 1st period - Brian Dumoulin is hit by William Colbert and loses puck.
4:56 of 1st period - Minor Penalty to Brian Dumoulin for Goalie Interference.
4:57 of 1st period - Alexandre Burrows wins face-off versus Jonathan Matsumoto in Diables zone.
5:55 of 1st period - Tyler Bozak is hit by Nate Guenin and loses puck.
6:56 of 1st period - Penalty to Brian Dumoulin is over, Brian Dumoulin is back on ice.
7:19 of 1st period - Wrist shot by Ben Hanowski.
7:19 of 1st period - Stopped by Petr Mrazek with a rebound.
7:30 of 1st period - Icing by Brandon Prust.
7:31 of 1st period - Jarod Palmer wins face-off versus Ben Hanowski in Diables zone.
7:32 of 1st period - Wrist shot by Johannes Salmonsson.
7:32 of 1st period - Shot Blocked by Brandon Prust.
7:56 of 1st period - Kyle Cumiskey is hit by Pasi Salonen and loses puck.
8:01 of 1st period - Snap shot by Guillaume Desbiens.
8:01 of 1st period - Stopped by Eddie Lack without a rebound.
8:02 of 1st period - Alexandre Burrows wins face-off versus Cédric Lalonde-McNicoll in Diables zone.
8:11 of 1st period - Slapshot by Alexandre Burrows.
8:11 of 1st period - Goal by Alexandre Burrows - Remparts : 0 - Diables : 1.
8:12 of 1st period - Craig Smith wins face-off versus Jonathan Matsumoto in neutral zone.
8:27 of 1st period - Snap shot by Jonathan Matsumoto.
8:27 of 1st period - Stopped by Eddie Lack with a rebound.
8:37 of 1st period - Guillaume Desbiens is hit by Steve Quailer and loses puck.
8:46 of 1st period - Slapshot by Kellan Lain.
8:46 of 1st period - Deflect By Ty Wishart.
8:46 of 1st period - Shot Misses the Net.
8:46 of 1st period - Puck is out of play.
8:47 of 1st period - Jonathan Matsumoto wins face-off versus Craig Smith in Remparts zone.
9:12 of 1st period - Wrist shot by Johannes Salmonsson.
9:12 of 1st period - Stopped by Eddie Lack with a rebound.
9:14 of 1st period - Wrist shot by Jonathan Cheechoo.
9:14 of 1st period - Stopped by Eddie Lack without a rebound.
9:15 of 1st period - Jarod Palmer wins face-off versus Tyler Bozak in Diables zone.
9:24 of 1st period - Wrist shot by Johannes Salmonsson.
9:24 of 1st period - Stopped by Eddie Lack with a rebound.
10:23 of 1st period - Icing by Nate Guenin.
10:24 of 1st period - Craig Smith wins face-off versus Chris Mueller in Remparts zone.
10:47 of 1st period - Nate Guenin is hit by Craig Smith and loses puck.
11:08 of 1st period - Backhand shot by Alexandre Burrows.
11:08 of 1st period - Stopped by Petr Mrazek with a rebound.
11:10 of 1st period - Snap shot by Alexandre Burrows.
11:10 of 1st period - Stopped by Petr Mrazek without a rebound.
11:11 of 1st period - Tyler Bozak wins face-off versus Jonathan Matsumoto in Remparts zone.
11:18 of 1st period - Wrist shot by Steve Quailer.
11:18 of 1st period - Shot Blocked by Jonathan Matsumoto.
11:20 of 1st period - Snap shot by Kellan Lain.
11:20 of 1st period - Shot Misses the Net.
11:26 of 1st period - Snap shot by Kellan Lain.
11:26 of 1st period - Shot Blocked by Erik Gustafsson.
12:05 of 1st period - Wrist shot by Ben Hanowski.
12:05 of 1st period - Stopped by Petr Mrazek without a rebound.
12:06 of 1st period - Tyler Bozak wins face-off versus Jonathan Matsumoto in Remparts zone.
12:09 of 1st period - Snap shot by Kellan Lain.
12:09 of 1st period - Shot Misses the Net.
12:20 of 1st period - Off-side.
12:21 of 1st period - Tyler Bozak wins face-off versus Guillaume Desbiens in neutral zone.
12:46 of 1st period - Craig Smith is hit by Jonathan Matsumoto and loses puck.
12:50 of 1st period - Icing by Tyler Cuma.
12:51 of 1st period - Jonathan Matsumoto wins face-off versus Alexandre Burrows in Diables zone.
12:52 of 1st period - Snap shot by Daniel Paille.
12:52 of 1st period - Stopped by Eddie Lack with a rebound.
12:55 of 1st period - Icing by Craig Smith.
12:56 of 1st period - Daniel Paille wins face-off versus Craig Smith in Diables zone.
13:24 of 1st period - Wrist shot by Craig Smith.
13:24 of 1st period - Stopped by Petr Mrazek with a rebound.
14:27 of 1st period - Snap shot by Brandon Prust.
14:27 of 1st period - Shot Misses the Net.
15:10 of 1st period - Wrist shot by Taylor Beck.
15:10 of 1st period - Shot Misses the Net.
15:22 of 1st period - Snap shot by Guillaume Desbiens.
15:22 of 1st period - Deflect By Brandon Prust.
15:22 of 1st period - Shot Misses the Net.
15:22 of 1st period - Puck is out of play.
15:23 of 1st period - Riley Sheahan wins face-off versus Jonathan Matsumoto in Diables zone.
15:23 of 1st period - Riley Sheahan is hit by Erik Gustafsson.
15:44 of 1st period - Backhand shot by Tomas Kubalik.
15:44 of 1st period - Shot Blocked by Pasi Salonen.
15:46 of 1st period - Snap shot by Kyle Cumiskey.
15:46 of 1st period - Stopped by Petr Mrazek without a rebound.
15:47 of 1st period - Cédric Lalonde-McNicoll wins face-off versus Tyler Bozak in Remparts zone.
15:52 of 1st period - Tyler Bozak is hit by Cédric Lalonde-McNicoll.
16:00 of 1st period - Wrist shot by Cédric Lalonde-McNicoll.
16:00 of 1st period - Stopped by Eddie Lack without a rebound.
16:01 of 1st period - Steve Quailer wins face-off versus Jonathan Matsumoto in Diables zone.
16:10 of 1st period - Snap shot by Jonathan Matsumoto.
16:10 of 1st period - Shot Misses the Net.
16:14 of 1st period - Snap shot by Daniel Paille.
16:14 of 1st period - Goal by Daniel Paille - Remparts : 1 - Diables : 1.
16:15 of 1st period - Tyler Bozak wins face-off versus Jonathan Matsumoto in neutral zone.
16:37 of 1st period - Icing by Lukas Krajicek.
16:38 of 1st period - Cédric Lalonde-McNicoll wins face-off versus Tyler Bozak in Diables zone.
16:39 of 1st period - Wrist shot by Guillaume Desbiens.
16:39 of 1st period - Stopped by Eddie Lack with a rebound.
16:41 of 1st period - Slapshot by Pasi Salonen.
16:41 of 1st period - Deflect By Guillaume Desbiens.
16:41 of 1st period - Goal by Guillaume Desbiens - Remparts : 2 - Diables : 1.
16:42 of 1st period - Kellan Lain wins face-off versus Jonathan Matsumoto in neutral zone.
17:13 of 1st period - Icing by Ty Wishart.
17:14 of 1st period - Craig Smith wins face-off versus Cédric Lalonde-McNicoll in Remparts zone.
17:41 of 1st period - William Colbert is hit by Tyler Bozak and loses puck.
18:08 of 1st period - Wrist shot by Tomas Kubalik.
18:08 of 1st period - Deflect By Nate Guenin.
18:08 of 1st period - Stopped by Petr Mrazek without a rebound.
18:09 of 1st period - Riley Sheahan wins face-off versus Chris Mueller in Remparts zone.
18:27 of 1st period - Keith Seabrook is hit by Brandon Gormley and loses puck.
18:38 of 1st period - Slapshot by Luca Caputi.
18:38 of 1st period - Shot Misses the Net.
18:51 of 1st period - Slapshot by Brandon Prust.
18:51 of 1st period - Shot Blocked by Erik Gustafsson.
18:53 of 1st period - Snap shot by Brandon Prust.
18:53 of 1st period - Shot Misses the Net.
19:11 of 1st period - Slapshot by Brandon Prust.
19:11 of 1st period - Shot Misses the Net.
19:13 of 1st period - Snap shot by Riley Sheahan.
19:13 of 1st period - Shot Misses the Net.
19:17 of 1st period - Slapshot by Brandon Prust.
19:17 of 1st period - Shot Misses the Net.
19:19 of 1st period - Wrist shot by Riley Sheahan.
19:19 of 1st period - Stopped by Petr Mrazek without a rebound.
19:20 of 1st period - Tyler Bozak wins face-off versus Jonathan Matsumoto in Remparts zone.
19:45 of 1st period - Alexandre Burrows is hit by Pasi Salonen.
Goals for this period are 2 for Remparts vs 1 for Diables.
Shots for this period are 10 for Remparts vs 9 for Diables.

2nd period


0:01 of 2nd period - Kellan Lain wins face-off versus Daniel Paille in neutral zone.
0:26 of 2nd period - Lukas Krajicek is hit by Guillaume Desbiens.
0:49 of 2nd period - Snap shot by Tomas Kubalik.
0:49 of 2nd period - Shot Misses the Net.
0:59 of 2nd period - Slapshot by Brandon Prust.
0:59 of 2nd period - Shot Blocked by Ty Wishart.
1:13 of 2nd period - Kyle Chipchura is hit by Jonathan Matsumoto and loses puck.
1:33 of 2nd period - Off-side.
1:34 of 2nd period - Craig Smith wins face-off versus Chris Mueller in neutral zone.
1:42 of 2nd period - Off-side.
1:43 of 2nd period - Jonathan Matsumoto wins face-off versus Tyler Bozak in neutral zone.
2:18 of 2nd period - Snap shot by Kyle Chipchura.
2:18 of 2nd period - Goal by Kyle Chipchura - Remparts : 2 - Diables : 2.
2:19 of 2nd period - Jonathan Matsumoto wins face-off versus Tyler Bozak in neutral zone.
2:24 of 2nd period - Slapshot by Jonathan Matsumoto.
2:24 of 2nd period - Stopped by Eddie Lack with a rebound.
3:10 of 2nd period - Jarod Palmer is hit by Dustin Kohn and loses puck.
3:26 of 2nd period - Icing by Erik Gustafsson.
3:27 of 2nd period - Tyler Bozak wins face-off versus Chris Mueller in Remparts zone.
4:00 of 2nd period - Wrist shot by Luca Caputi.
4:00 of 2nd period - Shot Misses the Net.
4:02 of 2nd period - Slapshot by Ivan Vishnevski.
4:02 of 2nd period - Stopped by Eddie Lack with a rebound.
4:04 of 2nd period - Slapshot by Erik Gustafsson.
4:04 of 2nd period - Stopped by Eddie Lack without a rebound.
4:05 of 2nd period - Jonathan Matsumoto wins face-off versus Tyler Bozak in Diables zone.
4:12 of 2nd period - Wrist shot by Daniel Paille.
4:12 of 2nd period - Shot Blocked by Kellan Lain.
4:14 of 2nd period - Snap shot by Jonathan Matsumoto.
4:14 of 2nd period - Shot Blocked by Steve Quailer.
4:16 of 2nd period - Slapshot by Ty Wishart.
4:16 of 2nd period - Stopped by Eddie Lack with a rebound.
4:18 of 2nd period - Wrist shot by Jonathan Matsumoto.
4:18 of 2nd period - Deflect By Tyler Bozak.
4:18 of 2nd period - Stopped by Eddie Lack without a rebound.
4:19 of 2nd period - Jonathan Matsumoto wins face-off versus Steve Quailer in Diables zone.
4:27 of 2nd period - Off-side.
4:28 of 2nd period - Jonathan Matsumoto wins face-off versus Tyler Bozak in neutral zone.
4:39 of 2nd period - Backhand shot by Daniel Paille.
4:39 of 2nd period - Shot Blocked by Steve Quailer.
4:41 of 2nd period - Snap shot by Petr Straka.
4:41 of 2nd period - Shot Blocked by Tyler Cuma.
4:43 of 2nd period - Slapshot by Brandon Gormley.
4:43 of 2nd period - Stopped by Eddie Lack without a rebound.
4:44 of 2nd period - Cédric Lalonde-McNicoll wins face-off versus Craig Smith in Diables zone.
4:45 of 2nd period - Snap shot by Guillaume Desbiens.
4:45 of 2nd period - Shot Misses the Net.
4:55 of 2nd period - Snap shot by Craig Smith.
4:55 of 2nd period - Stopped by Petr Mrazek with a rebound.
5:09 of 2nd period - Tyler Cuma is hit by Jonathan Matsumoto and loses puck.
5:34 of 2nd period - Snap shot by Brandon Prust.
5:34 of 2nd period - Stopped by Petr Mrazek without a rebound.
5:35 of 2nd period - Cédric Lalonde-McNicoll wins face-off versus Riley Sheahan in Remparts zone.
5:45 of 2nd period - Minor Penalty to Lukas Krajicek for Holding.
5:46 of 2nd period - Tyler Bozak wins face-off versus Jonathan Matsumoto in Diables zone.
6:55 of 2nd period - Nate Guenin is hit by Tyler Bozak and loses puck.
7:45 of 2nd period - Penalty to Lukas Krajicek is over, Lukas Krajicek is back on ice.
8:11 of 2nd period - Lukas Krajicek is hit by Nate Guenin and loses puck.
8:16 of 2nd period - Wrist shot by Chris Mueller.
8:16 of 2nd period - Shot Misses the Net.
8:31 of 2nd period - Kyle Cumiskey is hit by Jonathan Cheechoo and loses puck.
8:50 of 2nd period - Wrist shot by Taylor Beck.
8:50 of 2nd period - Stopped by Petr Mrazek with a rebound.
8:52 of 2nd period - Backhand shot by Lukas Krajicek.
8:52 of 2nd period - Deflect By Ben Hanowski.
8:52 of 2nd period - Stopped by Petr Mrazek without a rebound.
8:53 of 2nd period - Chris Mueller wins face-off versus Kyle Chipchura in Remparts zone.
9:28 of 2nd period - Slapshot by Dustin Kohn.
9:28 of 2nd period - Stopped by Petr Mrazek with a rebound.
9:30 of 2nd period - Slapshot by Dustin Kohn.
9:30 of 2nd period - Stopped by Petr Mrazek with a rebound.
9:50 of 2nd period - Wrist shot by Ben Hanowski.
9:50 of 2nd period - Shot Blocked by Brandon Gormley.
9:52 of 2nd period - Backhand shot by Dustin Kohn.
9:52 of 2nd period - Stopped by Petr Mrazek with a rebound.
9:54 of 2nd period - Slapshot by Tyler Cuma.
9:54 of 2nd period - Shot Misses the Net.
9:56 of 2nd period - Slapshot by Dustin Kohn.
9:56 of 2nd period - Shot Blocked by Ty Wishart.
9:58 of 2nd period - Wrist shot by Ben Hanowski.
9:58 of 2nd period - Shot Misses the Net.
10:14 of 2nd period - Wrist shot by Tyler Cuma.
10:14 of 2nd period - Deflect By Ben Hanowski.
10:14 of 2nd period - Shot Blocked by Guillaume Desbiens.
10:14 of 2nd period - Puck is out of play.
10:15 of 2nd period - Jonathan Matsumoto wins face-off versus Tyler Bozak in Remparts zone.
10:42 of 2nd period - Craig Smith is hit by William Colbert and loses puck.
11:23 of 2nd period - Ivan Vishnevski is hit by Kellan Lain and loses puck.
12:18 of 2nd period - Brandon Gormley is hit by Tyler Bozak and loses puck.
12:33 of 2nd period - Craig Smith is hit by Jonathan Cheechoo.
13:06 of 2nd period - Slapshot by William Colbert.
13:06 of 2nd period - Shot Hit the Post.
13:08 of 2nd period - Slapshot by Nate Guenin.
13:08 of 2nd period - Stopped by Eddie Lack with a rebound.
13:58 of 2nd period - Slapshot by Johannes Salmonsson.
13:58 of 2nd period - Shot Misses the Net.
14:14 of 2nd period - Wrist shot by Pasi Salonen.
14:14 of 2nd period - Stopped by Eddie Lack with a rebound.
14:16 of 2nd period - Slapshot by Brandon Gormley.
14:16 of 2nd period - Stopped by Eddie Lack with a rebound.
14:18 of 2nd period - Wrist shot by Brandon Gormley.
14:18 of 2nd period - Shot Blocked by Alexandre Burrows.
14:20 of 2nd period - Slapshot by Ty Wishart.
14:20 of 2nd period - Shot Blocked by Jamie Oleksiak.
14:24 of 2nd period - Slapshot by Guillaume Desbiens.
14:24 of 2nd period - Stopped by Eddie Lack without a rebound.
14:25 of 2nd period - Tyler Bozak wins face-off versus Jonathan Matsumoto in Diables zone.
14:52 of 2nd period - Lukas Krajicek is hit by Guillaume Desbiens and loses puck.
14:57 of 2nd period - Slapshot by Pasi Salonen.
14:57 of 2nd period - Goal by Pasi Salonen - Remparts : 3 - Diables : 2.
14:58 of 2nd period - Jonathan Matsumoto wins face-off versus Tyler Bozak in neutral zone.
15:28 of 2nd period - Wrist shot by Benn Ferriero.
15:28 of 2nd period - Deflect By Alexandre Burrows.
15:28 of 2nd period - Stopped by Petr Mrazek without a rebound.
15:29 of 2nd period - Craig Smith wins face-off versus Jonathan Matsumoto in Remparts zone.
15:30 of 2nd period - Wrist shot by Alexandre Burrows.
15:30 of 2nd period - Shot Misses the Net.
15:38 of 2nd period - Alexandre Burrows is hit by Jonathan Matsumoto and loses puck.
16:04 of 2nd period - Snap shot by Guillaume Desbiens.
16:04 of 2nd period - Shot Misses the Net.
16:24 of 2nd period - Tomas Kubalik is hit by Nate Guenin and loses puck.
17:01 of 2nd period - Ivan Vishnevski is hit by Craig Smith and loses puck.
17:11 of 2nd period - Snap shot by Tyler Cuma.
17:11 of 2nd period - Deflect By Benn Ferriero.
17:11 of 2nd period - Shot Blocked by Pasi Salonen.
17:11 of 2nd period - Puck is out of play.
17:12 of 2nd period - Tyler Bozak wins face-off versus Jonathan Matsumoto in Remparts zone.
17:44 of 2nd period - Snap shot by Pasi Salonen.
17:44 of 2nd period - Stopped by Eddie Lack with a rebound.
17:46 of 2nd period - Snap shot by Guillaume Desbiens.
17:46 of 2nd period - Shot Blocked by Lukas Krajicek.
17:48 of 2nd period - Slapshot by Erik Gustafsson.
17:48 of 2nd period - Stopped by Eddie Lack without a rebound.
17:49 of 2nd period - Tyler Bozak wins face-off versus Jonathan Matsumoto in Diables zone.
18:38 of 2nd period - Lukas Krajicek is hit by Ty Wishart and loses puck.
18:47 of 2nd period - Wrist shot by Luca Caputi.
18:47 of 2nd period - Shot Hit the Post.
18:49 of 2nd period - Slapshot by Erik Gustafsson.
18:49 of 2nd period - Stopped by Eddie Lack with a rebound.
19:20 of 2nd period - Daniel Paille is hit by Kellan Lain and loses puck.
19:25 of 2nd period - Snap shot by Tyler Bozak.
19:25 of 2nd period - Stopped by Petr Mrazek with a rebound.
19:27 of 2nd period - Wrist shot by Tyler Bozak.
19:27 of 2nd period - Stopped by Petr Mrazek with a rebound.
19:39 of 2nd period - Benn Ferriero is hit by Guillaume Desbiens and loses puck.
19:44 of 2nd period - Snap shot by Guillaume Desbiens.
19:44 of 2nd period - Deflect By Pasi Salonen.
19:44 of 2nd period - Shot Blocked by Brian Dumoulin.
19:44 of 2nd period - Puck is out of play.
19:45 of 2nd period - Guillaume Desbiens wins face-off versus Craig Smith in Diables zone.
19:57 of 2nd period - Minor Penalty to Craig Smith for Interference.
19:58 of 2nd period - Jonathan Matsumoto wins face-off versus Tyler Bozak in Diables zone.
19:59 of 2nd period - Snap shot by Daniel Paille.
19:59 of 2nd period - Shot Blocked by Lukas Krajicek.
Goals for this period are 1 for Remparts vs 1 for Diables.
Shots for this period are 14 for Remparts vs 11 for Diables.

3rd period


0:01 of 3rd period - Daniel Paille wins face-off versus Tyler Bozak in neutral zone.
1:57 of 3rd period - Penalty to Craig Smith is over, Craig Smith is back on ice.
2:05 of 3rd period - Wrist shot by Craig Smith.
2:05 of 3rd period - Stopped by Petr Mrazek with a rebound.
2:21 of 3rd period - Brian Dumoulin is hit by Dale Weise and loses puck.
2:26 of 3rd period - Slapshot by Chris Mueller.
2:26 of 3rd period - Shot Blocked by Craig Smith.
2:48 of 3rd period - Wrist shot by Taylor Beck.
2:48 of 3rd period - Stopped by Petr Mrazek without a rebound.
2:49 of 3rd period - Kyle Chipchura wins face-off versus Cédric Lalonde-McNicoll in Remparts zone.
3:08 of 3rd period - Minor Penalty to Pasi Salonen for Hooking.
3:09 of 3rd period - Cédric Lalonde-McNicoll wins face-off versus Tyler Bozak in Remparts zone.
4:43 of 3rd period - Slapshot by Jonathan Matsumoto.
4:43 of 3rd period - Goal by Jonathan Matsumoto - Remparts : 4 - Diables : 2.
4:44 of 3rd period - Cédric Lalonde-McNicoll wins face-off versus Tyler Bozak in neutral zone.
4:59 of 3rd period - Off-side.
5:00 of 3rd period - Craig Smith wins face-off versus Cédric Lalonde-McNicoll in neutral zone.
5:08 of 3rd period - Penalty to Pasi Salonen is over, Pasi Salonen is back on ice.
5:48 of 3rd period - Brandon Prust is hit by Brandon Gormley and loses puck.
6:47 of 3rd period - Snap shot by Benn Ferriero.
6:47 of 3rd period - Shot Blocked by Johannes Salmonsson.
6:49 of 3rd period - Slapshot by Brian Dumoulin.
6:49 of 3rd period - Deflect By Alexandre Burrows.
6:49 of 3rd period - Shot Misses the Net.
6:49 of 3rd period - Puck is out of play.
6:50 of 3rd period - Chris Mueller wins face-off versus Craig Smith in Remparts zone.
6:52 of 3rd period - Minor Penalty to Dale Weise for Hooking.
6:53 of 3rd period - Alexandre Burrows wins face-off versus Cédric Lalonde-McNicoll in Remparts zone.
7:03 of 3rd period - Wrist shot by Alexandre Burrows.
7:03 of 3rd period - Goal by Alexandre Burrows - Remparts : 4 - Diables : 3.
7:04 of 3rd period - Jonathan Matsumoto wins face-off versus Tyler Bozak in neutral zone.
8:48 of 3rd period - Petr Straka is hit by Lukas Krajicek and loses puck.
9:23 of 3rd period - Slapshot by Brandon Gormley.
9:23 of 3rd period - Shot Blocked by Alexandre Burrows.
9:25 of 3rd period - Snap shot by Jonathan Cheechoo.
9:25 of 3rd period - Stopped by Eddie Lack without a rebound.
9:26 of 3rd period - Jonathan Matsumoto wins face-off versus Craig Smith in Diables zone.
9:27 of 3rd period - Snap shot by Daniel Paille.
9:27 of 3rd period - Stopped by Eddie Lack without a rebound.
9:28 of 3rd period - Jonathan Matsumoto wins face-off versus Tyler Bozak in Diables zone.
9:53 of 3rd period - Ty Wishart is hit by Tomas Kubalik.
10:01 of 3rd period - Slapshot by Brandon Gormley.
10:01 of 3rd period - Stopped by Eddie Lack with a rebound.
10:25 of 3rd period - Snap shot by Pasi Salonen.
10:25 of 3rd period - Shot Hit the Post.
11:07 of 3rd period - Snap shot by Johannes Salmonsson.
11:07 of 3rd period - Deflect By Jonathan Cheechoo.
11:07 of 3rd period - Stopped by Eddie Lack with a rebound.
11:09 of 3rd period - Backhand shot by Jarod Palmer.
11:09 of 3rd period - Stopped by Eddie Lack without a rebound.
11:10 of 3rd period - Cédric Lalonde-McNicoll wins face-off versus Tyler Bozak in Diables zone.
11:11 of 3rd period - Wrist shot by Guillaume Desbiens.
11:11 of 3rd period - Stopped by Eddie Lack with a rebound.
11:20 of 3rd period - Josh Manson and William Colbert fight to a draw.
11:20 of 3rd period - Penalty to Josh Manson for Fighting.
11:20 of 3rd period - Penalty to William Colbert for Fighting.
11:21 of 3rd period - Jonathan Matsumoto wins face-off versus Tyler Bozak in Diables zone.
11:22 of 3rd period - Snap shot by Daniel Paille.
11:22 of 3rd period - Shot Blocked by Steve Quailer.
12:07 of 3rd period - Brandon Prust is hit by Dale Weise and loses puck.
12:51 of 3rd period - Keith Seabrook is hit by Pasi Salonen.
13:17 of 3rd period - Wrist shot by Jonathan Cheechoo.
13:17 of 3rd period - Stopped by Eddie Lack without a rebound.
13:18 of 3rd period - Tyler Bozak wins face-off versus Jarod Palmer in Diables zone.
13:23 of 3rd period - Slapshot by Tyler Cuma.
13:23 of 3rd period - Shot Misses the Net.
13:25 of 3rd period - Slapshot by Tyler Cuma.
13:25 of 3rd period - Shot Blocked by Johannes Salmonsson.
13:43 of 3rd period - Tyler Cuma is hit by Petr Straka and loses puck.
14:19 of 3rd period - Riley Sheahan is hit by Chris Mueller and loses puck.
14:44 of 3rd period - Jonathan Cheechoo is hit by Steve Quailer and loses puck.
15:05 of 3rd period - Backhand shot by Craig Smith.
15:05 of 3rd period - Stopped by Petr Mrazek without a rebound.
15:06 of 3rd period - Riley Sheahan wins face-off versus Petr Straka in Remparts zone.
15:09 of 3rd period - Snap shot by Riley Sheahan.
15:09 of 3rd period - Goal by Riley Sheahan - Remparts : 4 - Diables : 4.
15:10 of 3rd period - Jarod Palmer wins face-off versus Tyler Bozak in neutral zone.
15:17 of 3rd period - Snap shot by Johannes Salmonsson.
15:17 of 3rd period - Stopped by Eddie Lack without a rebound.
15:18 of 3rd period - Tyler Bozak wins face-off versus Jarod Palmer in Diables zone.
15:32 of 3rd period - Snap shot by Johannes Salmonsson.
15:32 of 3rd period - Stopped by Eddie Lack with a rebound.
15:34 of 3rd period - Snap shot by Jarod Palmer.
15:34 of 3rd period - Stopped by Eddie Lack without a rebound.
15:35 of 3rd period - Jonathan Matsumoto wins face-off versus Riley Sheahan in Diables zone.
15:36 of 3rd period - Snap shot by Daniel Paille.
15:36 of 3rd period - Stopped by Eddie Lack with a rebound.
16:22 of 3rd period - Wrist shot by Tyler Bozak.
16:22 of 3rd period - Stopped by Petr Mrazek without a rebound.
16:23 of 3rd period - Tyler Bozak wins face-off versus Jonathan Cheechoo in Remparts zone.
16:54 of 3rd period - Snap shot by Cédric Lalonde-McNicoll.
16:54 of 3rd period - Stopped by Eddie Lack with a rebound.
16:56 of 3rd period - Wrist shot by Pasi Salonen.
16:56 of 3rd period - Stopped by Eddie Lack with a rebound.
16:58 of 3rd period - Slapshot by William Colbert.
16:58 of 3rd period - Stopped by Eddie Lack without a rebound.
16:59 of 3rd period - Riley Sheahan wins face-off versus Cédric Lalonde-McNicoll in Diables zone.
17:45 of 3rd period - Slapshot by Kyle Cumiskey.
17:45 of 3rd period - Deflect By Kyle Chipchura.
17:45 of 3rd period - Stopped by Petr Mrazek without a rebound.
17:46 of 3rd period - Jonathan Matsumoto wins face-off versus Kyle Chipchura in Remparts zone.
17:46 of 3rd period - Jonathan Matsumoto is hit by Ben Hanowski.
17:51 of 3rd period - Off-side.
17:52 of 3rd period - Riley Sheahan wins face-off versus Jarod Palmer in neutral zone.
17:57 of 3rd period - Brandon Gormley is hit by Dustin Kohn and loses puck.
Goals for this period are 1 for Remparts vs 2 for Diables.
Shots for this period are 15 for Remparts vs 7 for Diables.

Overtime #1


0:01 of 1st overtime period - Jonathan Matsumoto wins face-off versus Tyler Bozak in neutral zone.
0:46 of 1st overtime period - Brandon Prust is hit by Pasi Salonen and loses puck.
1:49 of 1st overtime period - Petr Straka is hit by Kyle Cumiskey and loses puck.
2:13 of 1st overtime period - Jarod Palmer is hit by Lukas Krajicek and loses puck.
3:41 of 1st overtime period - Backhand shot by Cédric Lalonde-McNicoll.
3:41 of 1st overtime period - Shot Hit the Post.
4:52 of 1st overtime period - Brandon Prust is hit by Nate Guenin.
Goals for this period are 0 for Remparts vs 0 for Diables.
Shots for this period are 0 for Remparts vs 0 for Diables.

ShootOut


5:00 of 1st overtime period - Penalty Shot by Pasi Salonen for Remparts.
5:00 of 1st overtime period - Backhand shot by Pasi Salonen.
5:00 of 1st overtime period - Shot Misses the Net.
5:00 of 1st overtime period - Penalty Shot by Tyler Bozak for Diables.
5:00 of 1st overtime period - Deke by Tyler Bozak.
5:00 of 1st overtime period - Stopped by Petr Mrazek.
5:00 of 1st overtime period - Penalty Shot by Daniel Paille for Remparts.
5:00 of 1st overtime period - Backhand shot by Daniel Paille.
5:00 of 1st overtime period - Stopped by Eddie Lack.
5:00 of 1st overtime period - Penalty Shot by Alexandre Burrows for Diables.
5:00 of 1st overtime period - Snap shot by Alexandre Burrows.
5:00 of 1st overtime period - Goal by Alexandre Burrows.
5:00 of 1st overtime period - Penalty Shot by Jonathan Matsumoto for Remparts.
5:00 of 1st overtime period - Wrist shot by Jonathan Matsumoto.
5:00 of 1st overtime period - Stopped by Eddie Lack.